← All builds
Tech / Armada / Economy first / OBSERVED BUILD

Fast fusion

Armada Tech (Eco) build order · Supreme Isthmus

Standard T2 rush economy build that adds an earlier Fusion Reactor around 8:52 to scale power sooner, with units fighting only on the team's own side afterward.

Usually first T2 con to Geo (82%)

#eco #t2 · 179 distinct matches · 63 players · 6% of Armada Tech games · team won 59% of 185 · Recently observed

THE CATCH, AND WHAT COMES WITH IT
  • Fusion ReactorFusion Reactor from 8:52 · 12% of role by thenOnly 12% of Tech games have it by then; others who build it get it around 11:21

Then transitions into anti-nuke (30% of army).

HOW TO PLAY IT

Key timing: Fusion Reactor by 10:00

  1. Run the standard T2 rush opening with Bot Lab then Advanced Bot Lab.
  2. Get the Advanced Bot Lab up on the usual fast timing.
  3. Upgrade to Advanced Metal Extractor on the normal schedule.
  4. Transition into the typical Citadel anti-nuke and Armageddon nuke silo army.
  5. Push an early Fusion Reactor, well ahead of the role's usual 12:03.

Phase by phase

TYPICAL OF ITS 179 GAMES · AGAINST STANDARD TECH
  1. 1
  2. 2
  3. 3
  4. 4
  5. 5
PLAY THE OPENING

Follow the example game's first 9:52 step by step: what to build now, what comes next, and where it goes. At 1× it keeps pace with your own game.

  1. 1

    Up to the Bot Lab

    Economy
    • Metal Extractor3Mex
    • Wind Turbine4Wind
    Order
    1. Bot LabBot Lab after 3 mex, 4 winddone ~1:16, middle half 1:09–1:30

    By 0:59 in all: 3 mex · 4 wind

    The example game in this phase · 3 steps
    1. Mex ×3
    2. Wind ×4
    3. Bot LabBot Labdone 1:17 · typical 1:16
  2. 2

    Bot Lab to Advanced Bot Lab

    Economy
    • Metal Extractor1Mex
    • Wind Turbine9Wind
    • Energy Storage1Energy storage
    Order
    1. Advanced Bot LabAdvanced Bot Lab after 4 mex, 12 wind, 3 con turretdone ~4:16, middle half 4:03–4:28
    Builders
    • Construction Turret3 Con turret
    • Lazarus4 Lazarus
    • Construction Bot2 Con bot
    • Construction Bot1 Con bot for allies

    Some games also: converter (46%)

    By 3:14 in all: 4 mex · 12 wind · 1 energy storage · 3 con turret

    The example game in this phase · 17 steps
    1. LazarusLazarus
    2. Construction BotCon bot
    3. Wind ×3
    4. LazarusLazarus
    5. Wind ×2
    6. Construction BotCon botfor Air
    7. Mex
    8. Construction BotCon bot
    9. Wind ×3
    10. LazarusLazarus
    11. Con turret ×2
    12. LazarusLazarusfor Pond
    13. Wind ×5
    14. LazarusLazarus
    15. Energy storage ×2
    16. Converter
    17. Advanced Bot LabAdvanced Bot Labdone 4:47 · typical 4:16
  3. 3

    Advanced Bot Lab to 5:00

    Economy
    • Wind Turbine3Wind
    Order
    1. Bot LabEat Bot Lab
    Builders
    • Advanced Construction Bot1 T2 con bot for allies

    Some games also: converter (48%)

    By 5:00 in all: 4 mex · 17 wind · 2 converter · 1 energy storage · 3 con turret

    The example game in this phase · 3 steps
    1. Wind ×5
    2. Bot LabEat Bot Labreclaimed for its metal
    3. Advanced Construction BotT2 con botfor Geo
  4. 4

    5:00 to Fusion Reactor

    Economy
    • Wind Turbine26Wind
    • Energy Converter3Converter+2 vs standard
    Order
    1. Fusion ReactorFusion Reactor after 4 mex, 43 wind, 7 converterdone ~10:12, middle half 9:51–10:42
    Builders
    • Butler8 Butler +3 vs standard
    • Advanced Construction Bot3 T2 con bot for allies
    • Advanced Construction Bot1 T2 con bot

    Some games also: con turret (49%)

    By 8:52 in all: 4 mex · 43 wind · 7 converter (standard 4) · 1 energy storage · 3 con turret

    The example game in this phase · 18 steps
    1. Advanced Metal ExtractorT2 mexdone 5:45 · typical 5:20
    2. Advanced Construction BotT2 con botfor Air
    3. Converter
    4. Advanced Construction BotT2 con botfor Pond
    5. Advanced Metal ExtractorT2 mex ×2
    6. Wind
    7. ButlerButler
    8. Advanced Metal ExtractorT2 mex
    9. ButlerButler
    10. Wind
    11. Advanced Construction BotT2 con botfor Geo sea
    12. Wind
    13. Advanced Construction BotT2 con botfor Beach sea
    14. Wind
    15. Advanced Construction BotT2 con botfor Suicide front
    16. Advanced Construction BotT2 con bot
    17. Wind ×2
    18. Fusion ReactorFusiondone 14:43 · typical 10:12
  5. 5

    Fusion Reactor to 15:00

    Economy
    • Wind Turbine87Wind−63 vs standard
    • Energy Converter48Converter
    Order
    1. Advanced Bot LabEat Advanced Bot Lab
    2. Fusion ReactorFusion after 86 wind, 18 converter, 7 con turretin 63% of games
    Builders
    • Construction Turret10 Con turret +3 vs standard

    Some games also: anti-nuke (49%) · Advanced Fusion Reactor (38%) · Aircraft Plant (37%) · metal storage (36%) · Butler (32%)

    The standard build makes here, this one skips: 6 Butler

    By 15:00 in all: 4 mex · 133 wind (standard 187) · 2 fusion · 55 converter · 1 energy storage · 1 metal storage

    The example game in this phase · 139 steps
    1. Con turret
    2. ButlerButler ×5
    3. ButlerButlerfor Beach sea
    4. Con turret
    5. ButlerButlerfor Beach sea
    6. Wind ×3
    7. ButlerButlerfor Geo sea
    8. Wind ×4
    9. ButlerButlerfor Geo sea
    10. Wind ×5
    11. ButlerButler
    12. Wind ×8
    13. ButlerButler
    14. Wind
    15. Converter
    16. Wind ×4
    17. Converter
    18. Wind
    19. ButlerButler
    20. Wind ×4
    21. ButlerButler
    22. Wind
    23. Converter
    24. Wind
    25. Converter
    26. Wind
    27. ButlerButler
    28. Wind
    29. Converter
    30. Wind ×2
    31. ButlerButler
    32. Converter
    33. Wind ×2
    34. Converter
    35. ButlerButler
    36. Wind ×2
    37. Converter ×2
    38. ButlerButler
    39. Wind ×2
    40. ButlerButler
    41. SharpshooterSniper botdone 12:04
    42. Wind ×3
    43. SharpshooterSniper bot
    44. Wind ×3
    45. Converter
    46. Wind ×4
    47. Converter
    48. SharpshooterSniper bot
    49. Converter
    50. Wind ×2
    51. Converter ×2
    52. Wind ×2
    53. Converter
    54. Wind ×2
    55. Converter
    56. Wind ×3
    57. Converter ×2
    58. Wind ×3
    59. Converter
    60. Wind
    61. Converter
    62. HoundHound
    63. Wind ×2
    64. Converter
    65. Wind
    66. Converter
    67. Wind ×3
    68. Converter
    69. HoundHound
    70. Wind
    71. Converter
    72. Wind ×2
    73. Converter ×2
    74. Wind ×3
    75. Converter
    76. Wind
    77. HoundHound
    78. Converter
    79. Wind ×3
    80. Converter ×2
    81. Wind ×3
    82. ArchangelArchangeldone 13:45
    83. Converter
    84. Wind ×2
    85. Converter
    86. Wind ×3
    87. Converter ×2
    88. Wind ×3
    89. HoundHound
    90. Wind
    91. Converter ×2
    92. Wind ×3
    93. Converter
    94. Wind
    95. Converter
    96. HoundHound
    97. Wind ×3
    98. Converter
    99. Wind ×2
    100. Converter
    101. Wind
    102. Converter
    103. Wind ×2
    104. Converter
    105. HoundHound
    106. Wind
    107. Converter
    108. Wind ×3
    109. Converter
    110. HoundHound
    111. Wind ×3
    112. Converter
    113. Wind
    114. HoundHound
    115. Wind ×2
    116. Converter
    117. Wind ×3
    118. Converter
    119. HoundHound
    120. Converter
    121. Wind ×3
    122. Converter
    123. Wind
    124. HoundHound
    125. Wind ×2
    126. Converter
    127. Wind ×2
    128. Converter
    129. Wind
    130. HoundHound
    131. Converter
    132. Wind ×3
    133. Converter
    134. HoundHound
    135. Wind ×3
    136. Converter
    137. Wind ×2
    138. HoundHound
    139. Wind

Counts are medians over the build's games: half of them build more, half fewer. The example game is SK0NK's (32 OS, 08/09/2026); pick another.

Team trades

IN AT LEAST 30% OF ITS GAMES

You hand over

  • Construction Bot1 Con bot to Airfirst at 2:22 · in 85% of games
  • Advanced Construction Bot5 T2 con bot to Air or Pond or Beach seafirst at 4:47 · in 100% of games

You get

  • Hercules1 Light transport from Airfirst at 3:55 · in 85% of games

How it plays out

Typical game of this build against the role’s standard build, running totals by minute

  • This build
  • Standard tech

Metal produced

020k40k
0:005:0010:0015:00

metal

Enemy metal destroyed

050100
0:005:0010:0015:00

metal

Own metal lost

050100150
0:005:0010:0015:00

metal

185 games.

Show as table
ByMetal produced: This buildMetal produced: Standard techEnemy metal destroyed: This buildEnemy metal destroyed: Standard techOwn metal lost: This buildOwn metal lost: Standard tech
1:003843830000
2:009179150000
3:00168516510000
4:00320231440000
5:00488048470000
6:00596458000000
7:00769072270000
8:00977690610000
9:0012181111730000
10:0015841135030000
11:0019834162420000
12:0023367196560000
13:0027274234450000
14:00309592736200073
15:00359613154208575130
WHAT THE NUMBERS SAY

Won more often than the standard build and pulled well ahead on metal production with almost no combat losses either way.

  • + Metal production at 15:00 reaches 36430 vs 31668 standard.
  • + Won more often than the standard build (60% vs 53%).
  • − Enemy metal destroyed by 15:00 is lower than standard (39 vs 266).
  • − Fusion push is purely economic, offering no early combat payoff.
THE EXAMPLE YOU ARE READING

SK0NK

32.3 OS · 08/09/2026

Open source match ↗

1 received units
6429 metal received · 66516 energy received

Allied construction assistance is unknown. Timings are observations, not a promise of solo reproducibility.

Typical milestones

Bot Lab1:16Middle 50%: 1:09–1:30 · n=185
Advanced Bot Lab4:16Middle 50%: 4:03–4:28 · n=185
Advanced Metal Extractor5:20Middle 50%: 5:00–5:40 · n=185
Fusion Reactor10:12Middle 50%: 9:51–10:42 · n=172

Played most by

Teaner30games of this buildSyphos12games of this buildKOT_11games of this build[Grump]Grumpiness9games of this buildhaaven8games of this build